 Dungeon Crawl Stone Soup version 0.22.1-1-ga44c0e5 (webtiles) character file.

424 lysyklops the Covered (level 6, -5/40 HPs)
             Began as a Gargoyle Fighter on Oct 13, 2018.
             Was a Follower of Okawaru.
             Killed by divine providence
             ... invoked by an orc priest
              (16 damage)
             ... on level 4 of the Dungeon.
             The game lasted 00:06:46 (2935 turns).

lysyklops the Covered (Gargoyle Fighter)            Turns: 2935, Time: 00:06:47

Health: -5/40      AC: 12    Str: 22    XL:     6   Next: 96%
Magic:  6/6        EV:  7    Int:  8    God:    Okawaru [*.....]
Gold:   142        SH: 10    Dex:  9    Spells: 5/5 levels left

rFire    . . .     SeeInvis .   a - +0 flail
rCold    . . .     Gourm    .   c - +0 shield
rNeg     + . .     Faith    .   b - +0 scale mail
rPois    ∞         Spirit   .   (no helmet)
rElec    +         Reflect  .   k - +0 cloak
rCorr    .         Harm     .   (no gloves)
MR       .....                  (no boots)
Stlth    ..........             (no amulet)
HPRegen  0.13/turn              (no ring)
MPRegen  0.10/turn              (no ring)

@: no status effects
A: negative energy resistance 1, electricity resistance, unbreathing,
petrification resistance, rot immunity, AC +4
a: Heroism, Renounce Religion


You were on level 4 of the Dungeon.
You worshipped Okawaru.
Okawaru was aware of your devotion.
You were hungry.

You visited 1 branch of the dungeon, and saw 4 of its levels.

You collected 142 gold pieces.

Inventory:

Hand Weapons
 a - a +0 flail (weapon)
Armour
 b - a +0 scale mail (worn)
 c - a +0 shield (worn)
 k - a +0 cloak (worn)
Jewellery
 e - an uncursed amulet of faith {unknown}
Scrolls
 g - 3 scrolls of identify {unknown}
 j - a scroll of amnesia {unknown}
 l - a scroll of enchant weapon {unknown}
 m - 2 scrolls of blinking {unknown}
 n - a scroll of magic mapping {unknown}
 o - 2 scrolls of fear {unknown}
 q - 2 scrolls of remove curse {unknown}
Potions
 d - a potion of might
 h - 2 potions of heal wounds {unknown}
 i - a potion of haste {unknown}
 p - a potion of curing {unknown}
 r - a potion of ambrosia {unknown}
Comestibles
 f - 7 rations


   Skills:
 + Level 4.9 Fighting
 + Level 3.9 Maces & Flails
 + Level 5.0 Armour
 + Level 5.0 Shields


You had 5 spell levels left.
You didn't know any spells.
Your spell library contained the following spells:

 Spells                   Type           Power        Failure   Level  Hunger
 Irradiate                Conj/Tmut      #.........   100%        5    ######.
 Hydra Form               Tmut           #.........   100%        6    #######
 Dragon Form              Tmut           #.........   100%        7    #######
 Statue Form              Tmut/Erth      Unusable     N/A         6    N/A

Dungeon Overview and Level Annotations

Branches:
Dungeon (4/15)
 Temple: D:4-7

Altars:
Gozag
Okawaru
Qazlal
Trog
Wu Jian
The Shining One


Innate Abilities, Weirdness & Mutations

You are resistant to torment.
Your stone body is resilient. (AC +4)
You are immune to poison.
You resist negative energy. (rN+)
You are resistant to electric shocks. (rElec)
You can survive without breathing.
You are immune to petrification.
You are immune to rotting.


Message History

The orc priest calls upon Beogh to heal the orc warrior.
The orc warrior is healed somewhat.
You barely miss the orc warrior.
The orc warrior is moderately wounded.
The orc warrior hits you but does no damage.
The orc priest casts a cantrip, but nothing happens.
You hit the orc warrior but do no damage.
The orc warrior is moderately wounded.
You are feeling hungry.
The orc warrior hits you with a short sword of electrocution.
You block the orc warrior's attack.
You closely miss the orc warrior.
The orc warrior is moderately wounded.
The orc priest calls down the wrath of Beogh upon you.
Beogh smites you!
* * * LOW HITPOINT WARNING * * *
The orc warrior barely misses you.
The orc priest mumbles some strange prayers to Beogh against you.
Beogh smites you!
You die...

#o ######## #o
#......# #. #......#
#####. #.....(#######
#.....##
#............#
#..o###............###
+..oo@'..............#
#..o###............#.#
#...# #######......#.#
##### #......#.#
#......#.# ########.#
#.# #.# #.#


You could see an orc warrior, 2 orc priests and an orc.

Vanquished Creatures
  A vampire bat (D:3)
  An orc wizard (D:4)
  An orc priest (D:4)
  Jessica (D:2)
  An iguana (D:4)
  2 worker ants
  Robin (D:3)
  4 adders
  A worm (D:2)
  A dart slug (D:2)
  3 fire bats (D:3)
  5 leopard geckos
  6 orcs
  2 spectral bats (D:3)
  3 bat skeletons (D:3)
  A bat zombie (D:3)
  5 giant cockroaches
  16 goblins
  7 hobgoblins
  2 jackals (D:3)
  6 kobolds
  A quokka (D:3)
  2 ball pythons
  14 bats
  A bat simulacrum (D:3)
  6 frilled lizards
  A leopard gecko skeleton (D:4)
  5 rats
100 creatures vanquished.

Notes
Turn   | Place    | Note
-------+----------+-------------------------------------------
     0 | D:1      | lysyklops the Gargoyle Fighter began the quest for the Orb.
     0 | D:1      | Reached XP level 1. HP: 14/14 MP: 1/1
    41 | D:1      | Reached XP level 2. HP: 17/19 MP: 2/2
   544 | D:2      | Reached XP level 3. HP: 21/23 MP: 3/3
   747 | D:2      | Found a glowing golden altar of the Shining One.
   748 | D:2      | Found a bloodstained altar of Trog.
   750 | D:2      | Found an opulent altar of Gozag.
   750 | D:2      | Found an iron altar of Okawaru.
   751 | D:2      | Found an ornate altar of the Wu Jian Council.
   755 | D:2      | Became a worshipper of Warmaster Okawaru
   759 | D:2      | Found a stormy altar of Qazlal.
   874 | D:2      | Reached XP level 4. HP: 21/29 MP: 4/4
  1340 | D:2      | Noticed Jessica
  1343 | D:2      | Killed Jessica
  1483 | D:3      | Reached XP level 5. HP: 29/33 MP: 5/5
  1743 | D:3      | Noticed Robin
  1798 | D:3      | Killed Robin
  2217 | D:3      | Reached XP level 6. HP: 30/39 MP: 6/6
  2379 | D:3      | Reached * piety under Okawaru
  2842 | D:4      | Reached skill level 5 in Armour
  2869 | D:4      | Reached skill level 5 in Shields
  2918 | D:4      | Noticed an orc warrior
  2935 | D:4      | Killed from afar by an orc priest

Skill      XL: |  1  2  3  4  5  6 |
---------------+-------------------+-----
Armour         | 4 5 |  5.0
Shields        | 4 5 |  5.0
Fighting       | 4 |  4.9
Maces & Flails | 3 |  3.9

Action                   |  1- 3 |  4- 6 || total
-------------------------+-------+-------++-------
Melee: Flail             |    82 |   320 ||   402
  Eat: Chunk             |       |     7 ||     7
Armor: Scale mail        |    43 |   271 ||   314
Dodge: Dodged            |    23 |   151 ||   174
Block: Shield            |    35 |   244 ||   279
